AoeStats
← Hector

Arena

507825277Analyzed
4v4 RM · 12d ago on Sep 19, 2026· 38m 56s· 8 players
Game mode
Random Map
Map size
Large (8 player)
Population
200
Speed
Normal
Resources
Standard
Victory
Conquest
Starting age
Dark Age
Ending age
Imperial Age
RankedLock teamsTeams togetherTeam positionsShared explorationLock speedFull tech treeHidden civsTurbo modeCheats
Victory
Defeat
🇺🇸 Portuguese · United States
1475
+13
🇺🇸 Bengalis · United States
1469
+13
🇨🇦 Ethiopians · Canada
1366
+17
🇺🇸 Berbers · United States
1233
+21
🇦🇹 Aztecs · Austria
1443
-18
🇵🇪 Celts · Peru
1415
-17
🇺🇸 Shu · United States
1364
-15
🇪🇸 Saracens · Spain
1345
-14
MZTK | MrAnGeL_
11:31 Feudal Age
15:50 Castle Age
14:19 Double-Bit Axe
14:35 Loom
14:40 Horse Collar
16:57 Bow Saw
16:48 Heavy Plow
19:42 Town Watch
22:33 Wheelbarrow
23:47 Hand Cart
25:27 Fletching
28:34 Imperial Age
26:06 Bodkin Arrow
26:29 Gold Mining
26:31 Stone Mining
27:19 Fortified Wall
27:12 Padded Archer Armor
27:43 Forging
28:09 Leather Archer Armor
29:08 Gold Shaft Mining
29:21 Bracer
30:23 Chemistry
30:28 Ring Archer Armor
29:32 Crossbowman
30:41 Thumb Ring
31:08 Ballistics
30:32 Arbalester
31:28 Town Patrol
32:56 Scale Mail Armor
34:01 Chain Mail Armor
33:44 Murder Holes
34:12 Pikeman
34:53 Squires
35:24 Plate Mail Armor
35:20 Halberdier
JAGR | Rojnar
8:31 Loom
10:50 Feudal Age
14:31 Castle Age
13:10 Double-Bit Axe
14:26 Horse Collar
15:41 Loom
16:36 Loom
25:19 Wheelbarrow
26:24 Bow Saw
27:17 Heavy Plow
30:24 Imperial Age
27:48 Town Watch
28:41 Hand Cart
29:35 Scale Mail Armor
29:58 Forging
29:52 Gold Mining
30:27 Stone Mining
30:06 Pikeman
31:14 Chain Mail Armor
31:28 Conscription
32:01 Iron Casting
32:58 Chemistry
32:08 Masonry
33:19 Plate Mail Armor
32:48 Fletching
33:06 Murder Holes
33:43 Fortified Wall
33:46 Padded Archer Armor
33:12 Halberdier
34:39 Gold Shaft Mining
34:39 Stone Shaft Mining
34:46 Arson
36:04 Bodkin Arrow
Alejandro_Cao
11:37 Feudal Age
12:47 Loom
15:30 Castle Age
13:30 Horse Collar
14:48 Double-Bit Axe
22:54 Heavy Plow
27:29 Imperial Age
25:20 Fletching
26:53 Bodkin Arrow
28:21 Wheelbarrow
29:10 Bracer
29:34 Ballistics
30:15 Conscription
32:42 Bloodlines
32:48 Forging
32:44 Scale Barding Armor
34:16 Iron Casting
34:10 Bimaristan
34:33 Elite Mameluke
38:02 Sanctity
37:53 Fervor
38:26 Chain Barding Armor
39:07 Blast Furnace
38:27 Gold Mining
Hector
10:18 Feudal Age
14:29 Castle Age
12:39 Double-Bit Axe
12:55 Horse Collar
15:47 Bow Saw
15:38 Heavy Plow
20:54 Fervor
24:26 Wheelbarrow
24:40 Gold Mining
24:41 Stone Mining
25:47 Hand Cart
26:21 Loom
30:00 Imperial Age
27:16 Town Watch
27:32 Scale Mail Armor
27:43 Forging
27:27 Fletching
27:59 Ballistics
28:05 Bodkin Arrow
28:11 Padded Archer Armor
29:16 Crossbowman
30:01 Atlatl
30:18 Leather Archer Armor
29:45 Treadmill Crane
29:41 Elite Skirmisher
30:46 Bracer
31:49 Chemistry
30:10 Capped Ram
31:34 Conscription
32:45 Siege Engineers
33:18 Crop Rotation
33:04 Siege Ram
34:00 Scale Mail Armor
34:11 Forging
33:56 Elite Jaguar Warrior
34:57 Chain Mail Armor
34:48 Pikeman
35:28 Squires
35:14 Arson
35:51 Town Patrol
37:50 Plate Mail Armor
37:30 Forging
38:12 Gold Shaft Mining
38:12 Stone Shaft Mining
37:30 Eagle Warrior
38:50 Garland Wars
Im2Good4YoMoma
10:53 Feudal Age
11:51 Double-Bit Axe
14:44 Castle Age
17:29 Bow Saw
18:18 Loom
21:13 Wheelbarrow
22:53 Hand Cart
24:09 Stone Mining
24:10 Gold Mining
24:03 Horse Collar
28:56 Imperial Age
27:34 Gold Shaft Mining
27:36 Stone Shaft Mining
27:09 Fletching
27:19 Padded Archer Armor
27:29 Heavy Plow
27:51 Town Watch
28:04 Bodkin Arrow
28:37 Ballistics
28:04 Crossbowman
28:55 Thumb Ring
29:35 Leather Archer Armor
30:37 Chemistry
30:11 Conscription
29:34 Arbalester
30:53 Bracer
31:24 Ring Archer Armor
32:00 Masonry
32:07 Siege Engineers
32:20 Masonry
33:09 Forging
33:00 Scale Mail Armor
33:23 Torsion Engines
Ice2207
10:55 Feudal Age
12:20 Loom
14:57 Castle Age
12:54 Double-Bit Axe
14:22 Horse Collar
16:09 Bow Saw
22:09 Heavy Plow
25:55 Wheelbarrow
26:53 Hand Cart
26:38 Gold Mining
30:15 Imperial Age
27:34 Town Watch
28:29 Scale Barding Armor
28:17 Stone Mining
29:52 Chain Barding Armor
29:43 Forging
30:43 Bloodlines
30:34 Husbandry
31:18 Paiks
31:35 Conscription
32:56 Two-Man Saw
32:28 Crop Rotation
33:43 Masonry
33:49 Devotion
35:15 Plate Barding Armor
34:28 Elite Battle Elephant
34:31 Light Cavalry
36:14 Iron Casting
36:57 Murder Holes
Chiefboy AK
10:45 Feudal Age
14:58 Castle Age
13:12 Double-Bit Axe
14:10 Horse Collar
16:05 Bow Saw
16:48 Bow Saw
16:53 Loom
21:11 Wheelbarrow
21:32 Heavy Plow
22:37 Hand Cart
27:22 Imperial Age
25:42 Town Watch
26:07 Scale Barding Armor
26:13 Forging
26:18 Bloodlines
27:48 Chain Barding Armor
27:20 Gold Mining
27:44 Husbandry
27:31 Cavalier
29:00 Plate Barding Armor
28:25 Capped Ram
30:00 Iron Casting
32:03 Stone Mining
36:23 Blast Furnace
36:41 Coinage
37:49 Elite Skirmisher
38:36 Fletching
38:47 Padded Archer Armor
39:17 Bodkin Arrow
SharkeyTank
11:22 Feudal Age
11:12 Loom
14:55 Castle Age
13:22 Double-Bit Axe
14:37 Horse Collar
23:36 Bow Saw
24:41 Heavy Plow
25:20 Wheelbarrow
25:22 Fletching
26:49 Bodkin Arrow
26:55 Padded Archer Armor
26:58 Stone Mining
26:59 Gold Mining
28:24 Kasbah
31:58 Imperial Age
30:02 Bloodlines
29:53 Husbandry
31:05 Gold Shaft Mining
31:06 Stone Shaft Mining
32:47 Bracer
33:03 Leather Archer Armor
33:20 Conscription
33:56 Scale Barding Armor
36:17 Cavalier
39:01 Ballistics
38:54 Fortified Wall
38:54 Elite Skirmisher
Connection lost

Rejoining the realm…

Still unreachable

The connection could not be restored.

Session expired

The server has moved on; the page needs a fresh start.